 Dungeon Crawl Stone Soup version 0.31-a0-424-g41b3b0883d (webtiles) character file.

Game seed: 8753266745525950489

3500 Ajdolov the Cruncher (level 10, -3/66 HPs)
             Began as a Gargoyle Gladiator on July 30, 2023.
             Was a Believer of Ru.
             Killed from afar by a gargoyle (22 damage)
             ... with a stone arrow
             ... on level 7 of the Dungeon.
             The game lasted 00:13:49 (7743 turns).

Ajdolov the Cruncher (Gargoyle Gladiator)           Turns: 7743, Time: 00:13:49

Health: -3/66      AC: 19    Str: 21    XL:     10   Next: 7%
Magic:  10/10      EV: 11    Int: 10    God:    Ru [**....]
Gold:   253        SH:  0    Dex: 17    Spells: 9/9 levels left

rFire   . . .        a - +0 quarterstaff
rCold   + . .        (shield currently unavailable)
rNeg    + . .        o - +1 scale mail {rC+}
rPois   ∞            c - +0 helmet
rElec   +            y - +2 cloak
rCorr   .            (no gloves)
SInv    .            b - +0 pair of boots
Will    .....        (no amulet) Stlth
                     p - +6 ring of dexterity
HPRegen 0.31/turn    (no ring)
MPRegen 0.12/turn

%: no passive effects
@: about to teleport
A: sickness immunity, AC +7, negative energy resistance 1, electricity
resistance, torment resistance 1, petrification resistance, inability to use
devices
a: Renounce Religion


You were on level 7 of the Dungeon.
You worshipped Ru.
Ru was pleased with you.
You visited 2 branches of the dungeon, and saw 8 of its levels.

You collected 397 gold pieces.
You spent 144 gold pieces at shops.

Inventory:

Hand Weapons
 a - a +0 quarterstaff (weapon)
Missiles
 d - a throwing net (quivered)
 e - a javelin
 l - 15 poisoned darts
 m - a curare-tipped dart
Armour
 b - a +0 pair of boots (worn)
 c - a +0 helmet (worn)
 o - a +1 scale mail of cold resistance (worn)
 y - a +2 cloak (worn)
Jewellery
 p - a +6 ring of dexterity (left hand)
Scrolls
 i - 5 scrolls of revelation
 j - 2 scrolls of teleportation
 k - 2 scrolls of vulnerability {unknown}
 n - 2 scrolls of blinking {unknown}
 q - 4 scrolls of fear
 s - a scroll of immolation {unknown}
 t - a scroll of torment {unknown}
 B - a scroll of noise {unknown}
 C - 3 scrolls of fog {unknown}
 D - a scroll of amnesia {unknown}
Potions
 f - 2 potions of ambrosia
 g - a potion of attraction {unknown}
 h - a potion of enlightenment {unknown}
 r - 2 potions of magic
 u - a potion of resistance {unknown}
 v - a potion of might {unknown}
 w - 4 potions of heal wounds
 x - 2 potions of curing
 z - 3 potions of degeneration
 E - 2 potions of mutation
 F - 2 potions of lignification


   Skills:
 + Level 9.2 Fighting
 * Level 11.8 Staves
 - Level 1.7 Throwing
 - Level 2.4 Dodging


You had 9 spell levels left.
You didn't know any spells.
Your spell library contained the following spells:

 Spells                   Type           Power      Damage    Failure   Level
 Kiss of Death            Conj/Necr      0%         2d5       73%         1
 Magic Dart               Conj           0%         1d3       73%         1
 Blink                    Tloc           0%         N/A       86%         2
 Call Imp                 Summ           0%         N/A       86%         2
 Lesser Beckoning         Tloc           0%         N/A       86%         2
 Momentum Strike          Conj/Tloc      0%         3d8       86%         2
 Wereblood                Tmut           0%         N/A       86%         2
 Confusing Touch          Hex            0%         N/A       97%         3
 Gell's Gravitas          Tloc           0%         N/A       97%         3
 Mephitic Cloud           Conj/Pois/Air  0%         N/A       97%         3
 Teleport Other           Tloc           0%         N/A       97%         3
 Dispel Undead            Necr           0%         3d6       100%        4
 Petrify                  Tmut/Erth      0%         N/A       100%        4
 Irradiate                Conj/Tmut      0%         3d11      100%        5
 Death Channel            Necr           0%         N/A       100%        6
 Summon Hydra             Summ           0%         N/A       100%        7
 Cigotuvi's Dreadful Rot  Necr/Pois/Air  Unusable   N/A       N/A         2
 Sublimation of Blood     Necr           Unusable   N/A       N/A         2

Dungeon Overview and Level Annotations

Branches:
Dungeon (7/15)             Temple (1/1) D:5

Altars:
Ashenzari
Dithmenos
Elyvilon
Gozag
Hepliaklqana
Makhleb
Okawaru
Qazlal
Ru
Sif Muna
Trog
Uskayaw
Vehumet
Wu Jian
Xom
Yredelemnul
Zin
The Shining One

Shops:
D:3 (   D:4 !


Innate Abilities, Weirdness & Mutations

You are immune to sickness and miasma.
Your stone body is resilient. (AC +7)
You are immune to poison.
You resist negative energy. (rN+)
You are resistant to electric shocks. (rElec)
You are resistant to unholy torment.
You are immune to petrification.
You cannot study or use magical devices.


Message History

You catch the helpless steam dragon completely off-guard!
You sock the steam dragon!
The steam dragon is heavily wounded.
You are engulfed in a cloud of scalding steam.
The steam dragon barely misses you. The steam dragon claws you.
The gargoyle hurls a stone arrow at you.
The stone arrow hits you!
You closely miss the steam dragon.
The steam dragon is heavily wounded.
You hit the steam dragon.
The steam dragon is severely wounded.
You are engulfed in a cloud of scalding steam.
The steam dragon is no longer blind.
You redirect the steam dragon's attack! x2
The steam dragon bites itself.
The steam dragon claws itself but does no damage.
You thump the steam dragon!
You kill the steam dragon!
A scorpion comes into view.
You see here a steam dragon corpse.
Okay, then.
Okay, then.
Okay, then.
You barely miss the gargoyle. The gargoyle hits you with a +0 mace!
You barely miss the gargoyle. You closely miss the gargoyle.
The gargoyle hits you with a +0 mace.
You redirect the gargoyle's attack!
As you read the scroll of teleportation, it crumbles to dust.
You feel strangely unstable. The gargoyle barely misses you.
You hit the gargoyle but do no damage.
The gargoyle hurls a stone arrow at you.
The stone arrow misses you.
You hit the gargoyle but do no damage. You hit the gargoyle but do no damage.
The gargoyle hits you with a +0 mace!
* * * LOW HITPOINT WARNING * * *
The scorpion stings you but does no damage.
You barely miss the scorpion.
The gargoyle hurls a stone arrow at you.
The stone arrow hits you!!
You die...

.............#
............#
............##.
D............
..........#
#.......#
#.######......#
.......9s.....#
##.###.@....#.#
#.....##
###....##
+.....##
........# #
###..## ........#
## #.##
........#######.#
................#
...........##...#


You could see a gargoyle and a scorpion.

Vanquished Creatures
  A two-headed ogre (D:6)
  A troll (D:6)
  A steam dragon (D:7)
  2 orc warriors (D:6)
  3 black bears
  2 sky beasts (D:6)
  An ice beast (D:5)
  2 ogres
  6 phantoms
  A centaur (D:6)
  A kobold brigand (D:7)
  A gnoll sergeant (D:5)
  A scorpion (D:6)
  A water moccasin skeleton (D:4)
  A jelly (D:4)
  A bullfrog zombie (D:4)
  A crimson imp (D:6)
  3 iguanas
  3 orc priests
  2 sleepcaps
  6 hounds
  A scorpion zombie (D:4)
  A hound zombie (D:4)
  A hound skeleton (D:4)
  2 howler monkey zombies (D:4)
  11 adders
  11 gnolls
  A white imp (D:6)
  3 adder zombies (D:4)
  2 adder skeletons (D:4)
  A worm (D:4)
  3 dart slugs
  24 orcs
  7 ball pythons
  6 bats
  7 endoplasms
  6 giant cockroaches
  8 hobgoblins
  10 jackals
  5 quokkas
  A frilled lizard (D:1)
  8 goblins
  12 kobolds
  2 quokka skeletons (D:4)
  6 rats
180 creatures vanquished.

Notes
Turn   | Place    | Note
-------+----------+-------------------------------------------
     0 | D:1      | Ajdolov the Gargoyle Gladiator began the quest for the Orb.
     0 | D:1      | Reached XP level 1. HP: 12/12 MP: 1/1
   123 | D:1      | Reached XP level 2. HP: 18/18 MP: 2/2
   473 | D:1      | Reached XP level 3. HP: 22/22 MP: 3/3
   624 | D:1      | Reached skill level 4 in Staves
  1008 | D:2      | You fall into a shaft and drop 1 floor!
  1033 | D:3      | Reached XP level 4. HP: 27/28 MP: 4/4
  1903 | D:2      | Reached skill level 5 in Staves
  1903 | D:2      | Reached XP level 5. HP: 21/33 MP: 5/5
  2260 | D:3      | Found Ririez's Antique Weapon Emporium.
  2867 | D:4      | Reached XP level 6. HP: 38/38 MP: 6/6
  2986 | D:4      | Reached skill level 6 in Staves
  3183 | D:4      | Found Hirat's Distillery.
  3191 | D:4      | Bought a potion of heal wounds for 60 gold pieces
  3191 | D:4      | Bought a potion of curing for 36 gold pieces
  3191 | D:4      | Bought a potion of curing for 36 gold pieces
  3191 | D:4      | Bought a potion of degeneration for 12 gold pieces
  3315 | D:4      | Reached skill level 5 in Fighting
  3315 | D:4      | Reached XP level 7. HP: 19/44 MP: 7/7
  3525 | D:3      | Reached skill level 7 in Staves
  3824 | D:4      | Reached XP level 8. HP: 33/51 MP: 8/8
  3876 | D:4      | Reached skill level 8 in Staves
  4646 | D:5      | Entered Level 5 of the Dungeon
  5044 | D:4      | Reached skill level 9 in Staves
  5375 | D:5      | Found a staircase to the Ecumenical Temple.
  5392 | Temple   | Found a transporter.
  5392 | Temple   | Found a transporter.
  5392 | Temple   | Found a transporter.
  5392 | Temple   | Found a transporter.
  5392 | Temple   | Entered the Ecumenical Temple
  5434 | Temple   | Became a worshipper of Ru the Awakened
  5656 | D:5      | Found a glowing golden altar of the Shining One.
  6085 | D:6      | Noticed a two-headed ogre
  6236 | D:6      | Killed a two-headed ogre
  6237 | D:6      | Reached skill level 10 in Staves
  6237 | D:6      | Reached XP level 9. HP: 59/59 MP: 9/9
  6392 | D:6      | Found an iron altar of Okawaru.
  6786 | D:6      | Gained mutation: You cannot study or use magical devices.
                  | [Ru sacrifice]
  6786 | D:6      | Reached * piety under Ru
  6786 | D:6      | Reached ** piety under Ru
  6917 | D:6      | Found an opulent altar of Gozag.
  6997 | D:6      | Reached skill level 11 in Staves
  7025 | D:6      | Noticed a troll
  7071 | D:6      | Killed a troll
  7219 | D:6      | Found a burning altar of Makhleb.
  7219 | D:6      | Found a shimmering altar of Xom.
  7503 | D:6      | Reached XP level 10. HP: 44/66 MP: 10/10
  7725 | D:7      | Noticed a gargoyle
  7743 | D:7      | Killed from afar by a gargoyle

Illustrated notes

Levels and vault maps discovered:
D:1:      saegor_arrival_simple_b, layout_loops_corners, minivault_23
D:2:      layout_loops_cross
D:3:      minmay_wonky_spiral, layout_basic, serial_shops, shop,
          minmay_starry_boxes
D:4:      layout_loops_corners, serial_shops, nicolae_shop_industrial_runoff,
          serial_undead, serial_undead_f, serial_undead_b, serial_undead_f,
          serial_undead_d, serial_undead_d, serial_undead_c, serial_undead_f,
          serial_undead_e, serial_undead_c, serial_undead_b,
          minmay_misc_feat_square
D:5:      layout_basic, mainiacjoe_overflow_24_doors, minmay_temple_entry_wispy
D:6:      minmay_chambers_of_fours, layout_basic,
          grunt_temple_overflow_champion_of_chaos,
          nicolae_gozag_cash_rules_everything_around_me,
          kennysheep_okawaru_gauntlet, grunt_ministairs_9
D:7:      layout_layer_cave, mainiacjoe_overflow_concentric_impassable,
          lemuel_doored_altar, hangedman_abyss_or_decor_jellyfish_corner
Temple:   hellmonk_temple_divided_pantheon

Skill      XL: |  1  2  3  4  5  6  7  8  9 |
---------------+----------------------------+-----
Staves         | 4 5 6 7 10 11 | 11.8
Fighting       | 3 4 5 8 9 |  9.2
Throwing       | |  1.7
Dodging        | |  2.4

Action                     |  1- 3 |  4- 6 |  7- 9 | 10-12 || total
---------------------------+-------+-------+-------+-------++-------
  Melee: Quarterstaff      |    87 |   231 |   374 |    40 ||   732
  Throw: Throwing net      |       |       |     6 |       ||     6
         Javelin           |       |       |     1 |       ||     1
 Invoke: Sacrifice Artific |       |       |     1 |       ||     1
  Evoke: Wand              |       |       |     2 |       ||     2
    Use: Scroll            |       |       |       |     8 ||     8
   Stab: Held in net/web   |       |       |     4 |       ||     4
         Distracted        |       |       |     1 |       ||     1
         Invisible         |       |       |       |     2 ||     2
 Armour: Leather armour    |    41 |    13 |       |       ||    54
         Scale mail        |       |   130 |   202 |     8 ||   340
  Dodge: Dodged            |    80 |   184 |   168 |    14 ||   446

Table legend: (Time is in decaauts)
 A = Elapsed time spent in this place.
 B = Non-inter-level travel time spent in this place.
 C = Inter-level travel time spent in this place.
 D = Time resting spent in this place.
 E = Time spent auto-exploring this place.
 F = Levels seen in this place.
 G = Mean time per level.
                   A        B        C        D        E       F      G
               +--------+--------+--------+--------+--------+-----+--------+
         Total |   7710 |   7363 |    347 |    637 |   4977 |   8 |  963.8 |
       Dungeon |   7645 |   7298 |    347 |    637 |   4977 |   7 | 1092.1 |
        Temple |     64 |     64 |      0 |      0 |      0 |   1 |   64.0 |
               +--------+--------+--------+--------+--------+-----+--------+

Top non-repeatable levels by time:
     D:4: 1954 daAuts
     D:6: 1418 daAuts
     D:3: 1122 daAuts
     D:5: 1120 daAuts
     D:2: 988 daAuts
     D:1: 911 daAuts
     D:7: 131 daAuts
  Temple: 64 daAuts
